 Dungeon Crawl Stone Soup version 0.31-a0-20-g13bd767e95 (webtiles) character file.

Game seed: 17914723818536436920

2092 Bennjico the Shield-Bearer (level 9, -16/79 HPs)
             Began as a Minotaur Fighter on May 13, 2023.
             Killed from afar by Maggie (21 damage)
             ... with a bolt of fire
             ... on level 6 of the Dungeon.
             The game lasted 00:08:46 (5142 turns).

Bennjico the Shield-Bearer (Minotaur Fighter)       Turns: 5142, Time: 00:08:47

Health: -16/79     AC:  9    Str: 31    XL:     9   Next: 6%
Magic:  8/8        EV: 12    Int:  5    God:
Gold:   273        SH:  5    Dex: 10    Spells: 8/8 levels left

rFire   . . .        a - +1 war axe
rCold   . . .        c - +0 buckler
rNeg    + . .        b - +1 scale mail
rPois   .            (helmet restricted)
rElec   .            (no cloak)
rCorr   .            (no gloves)
SInv    .            (no boots)
Will    .....        (no amulet) Stlth
                     m - ring of positive energy
HPRegen 0.33/turn    o - +6 ring of strength
MPRegen 0.11/turn

%: no passive effects
@: flying, mesmerised, hasted, very quick
A: horns 2, retaliatory headbutt
a: no special abilities


You were on level 6 of the Dungeon.
You visited 1 branch of the dungeon, and saw 6 of its levels.
You also visited: Sewer.

You collected 273 gold pieces.

Inventory:

Hand Weapons
 a - a +1 war axe (weapon)
Missiles
 q - 2 throwing nets (quivered)
Armour
 b - a +1 scale mail (worn)
 c - a +0 buckler (worn)
Jewellery
 m - a ring of positive energy (left hand)
 o - a +6 ring of strength (right hand)
Wands
 i - a wand of paralysis (15)
Scrolls
 h - 3 scrolls of teleportation
 j - 3 scrolls of immolation
 p - a scroll of blinking
 t - a scroll of identify
Potions
 d - a potion of flight
 e - 2 potions of curing
 f - a potion of lignification
 g - a potion of attraction
 l - a potion of cancellation
 n - 2 potions of heal wounds
 r - a potion of ambrosia
 s - a potion of resistance


   Skills:
 + Level 7.3 Fighting
 + Level 6.8 Axes
 + Level 7.3 Armour
 + Level 5.5 Dodging
 + Level 7.4 Shields


You had 8 spell levels left.
You didn't know any spells.
Your spell library contained the following spells:

 Spells                   Type           Power      Damage    Failure   Level
 Freeze                   Ice            0%         1d3       75%         1
 Frozen Ramparts          Ice            0%         1d1       98%         3
 Hailstorm                Conj/Ice       0%         3d3       98%         3
 Inner Flame              Hex/Fire       0%         N/A       98%         3
 Yara's Violent Unravell  Hex/Tmut       0%         3d3       100%        5
 Enfeeble                 Hex            0%         N/A       100%        7


Dungeon Overview and Level Annotations

Branches:
Dungeon (6/15)              Sewer (visited)
 Temple: D:4-7

Altars:
Dithmenos
Fedhas
Hepliaklqana
Kikubaaqudgha

Shops:
D:5 *

Annotations:
D:4 1 runed translucent door
D:6 Maggie


Innate Abilities, Weirdness & Mutations

You have a pair of horns on your head.
You reflexively headbutt those who attack you in melee.


Message History

You feel very buoyant.
You fly up into the air.
The howler monkey hits you but does no damage.
The scorpion stings you.
Unknown command.
Unknown command.
Unknown command.
Unknown command.
Unknown command.
You feel yourself speed up. Maggie hits you with a +0 morningstar!
A sleepcap comes into view.
You block the ice beast's attack. The howler monkey misses you.
You furiously retaliate!
You headbutt the howler monkey!
You kill the howler monkey!
The scorpion barely misses you. You furiously retaliate!
You headbutt the scorpion.
Your life force feels restored.
Unknown command.
Unknown command.
You slash Maggie!
Maggie is lightly wounded.
You slash the ice beast! You hit the scorpion. The ice beast hits you.
The ice beast freezes you! Maggie misses you. You furiously retaliate!
You headbutt Maggie! You block the scorpion's attack.
Unknown command.
You closely miss Maggie. Your headbutt misses Maggie.
Maggie is moderately wounded.
You slash the ice beast! You hit the scorpion. The scorpion barely misses you.
The ice beast closely misses you. You furiously retaliate!
You headbutt the ice beast!
You kill the ice beast!
Maggie points at you and mumbles some strange words.
The bolt of fire hits you!!
* * * LOW HITPOINT WARNING * * *
You slash Maggie! You headbutt Maggie!
Maggie is heavily wounded.
You hit the scorpion. The scorpion barely misses you.
Maggie casts a spell at you. The bolt of fire hits you!!
You die...

##[.#......#.#..##.#.#
##.#####..#.##.#....
#..# #..#.##....# ##.#
##.....#..#.
.......#....## #
######......# .# #
#.....##.##.##...
#..#...##.#@.....#
..##......@....# .#
#.....!s......#
#.........##.##
#........##
#.......f..
#......[....
..........#.#
.........#.#


You could see Maggie (mesmerising), a sleepcap and a scorpion.

Vanquished Creatures
  Grinder (D:3)
  The ghost of hattey the Trooper, an amateur HuWn of Okawaru (D:3)
  The ghost of Morbidden the Conjurer, an amateur BaCj (D:4)
  An ice beast (D:6)
  A black bear (D:4)
  An orc warrior (D:6)
  A bullfrog (D:3)
  A kobold brigand (Sewer)
  2 gnoll sergeants (D:5)
  2 scorpions (D:5)
  5 wights (D:6)
  2 howler monkeys
  2 hounds
  An orc priest (D:4)
  A gnoll bouda (D:5)
  An iguana (D:5)
  2 sleepcaps (D:5)
  An orc wizard (D:6)
  17 gnolls
  11 adders
  3 river rats
  A white imp (D:5)
  An ufetubus (D:5)
  3 worms
  4 dart slugs
  18 orcs
  8 endoplasms
  6 giant cockroaches
  6 goblins
  6 hobgoblins
  6 jackals
  6 quokkas
  8 ball pythons
  6 bats
  A frilled lizard (D:1)
  12 kobolds
  12 rats
162 creatures vanquished.

Notes
Turn   | Place    | Note
-------+----------+-------------------------------------------
     0 | D:1      | Bennjico the Minotaur Fighter began the quest for the Orb.
     0 | D:1      | Reached XP level 1. HP: 19/19 MP: 0/0
   152 | D:1      | Reached XP level 2. HP: 27/27 MP: 1/1
   398 | D:1      | Reached skill level 1 in Dodging
   454 | D:1      | Reached XP level 3. HP: 33/33 MP: 2/2
   472 | D:1      | Found a faded altar of an unknown god.
   879 | D:2      | Reached XP level 4. HP: 38/40 MP: 3/3
  1133 | D:2      | Found an ancient bone altar of Kikubaaqudgha.
  1174 | D:2      | Reached XP level 5. HP: 47/47 MP: 4/4
  1281 | D:3      | Found a hazy altar of Hepliaklqana.
  1476 | D:3      | Noticed Grinder
  1481 | D:3      | Paralysed by Grinder for 4 turns
  1502 | D:3      | Killed Grinder
  1503 | D:3      | Reached skill level 5 in Fighting
  1503 | D:3      | Reached skill level 5 in Armour
  1503 | D:3      | Reached skill level 5 in Shields
  1503 | D:3      | Reached XP level 6. HP: 24/56 MP: 5/5
  1663 | D:3      | Noticed hattey's ghost (amateur HuWn)
  1664 | D:3      | Found a runed translucent door.
  1712 | D:3      | Found a shadowy altar of Dithmenos.
  2225 | D:3      | Killed hattey's ghost
  2226 | D:3      | Reached XP level 7. HP: 37/61 MP: 6/6
  2495 | D:4      | Found a runed translucent door.
  2500 | D:4      | Noticed Morbidden's ghost (amateur BaCj)
  2527 | D:4      | Killed Morbidden's ghost
  2528 | D:4      | Reached skill level 5 in Axes
  2657 | D:4      | Found a runed translucent door.
  3240 | D:5      | Entered Level 5 of the Dungeon
  3240 | D:5      | Found a glowing drain.
  3259 | D:5      | Reached XP level 8. HP: 37/70 MP: 7/7
  3317 | Sewer    | Entered a sewer
  3620 | Sewer    | Found a glowing silver altar of Zin.
  4076 | D:5      | Found Zoizesm's Fire Supplies.
  4130 | D:5      | HP: 1/71 [gnoll/+0 flail[a gnoll sergeant] (5)]
  4318 | D:5      | Found a blossoming altar of Fedhas.
  4733 | D:6      | Reached skill level 5 in Dodging
  5119 | D:6      | Reached XP level 9. HP: 76/78 MP: 8/8
  5135 | D:6      | Noticed Maggie
  5142 | D:6      | Killed from afar by Maggie

Illustrated notes

Levels and vault maps discovered:
D:1:      scummos_arrival_hexagon, layout_loops_ring,
          chequers_ecumenical_altar_twisty, minmay_tall_x
D:2:      layout_rooms, basic_altar
D:3:      layout_loops_ring, lemuel_tele_altar, mainiacjoe_overflow_alcove_2,
          ebering_ghost_sewer_d, st_stairs_7, uniq_grinder
D:4:      layout_loops_cross, ebering_ghost_sewer_f
D:5:      layout_rooms, fedhas_altar_1, portal_sewer_entry_a,
          nicolae_shop_fire_sale [nicolae_sub_dead_trees], wad_woods_river_04
D:6:      layout_rooms, uniq_maggie

Skill      XL: |  1  2  3  4  5  6  7  8 |
---------------+-------------------------+-----
Dodging        | 1 2 3 4 5 |  5.5
Fighting       | 4 5 6 7 |  7.3
Armour         | 4 5 6 7 |  7.3
Shields        | 4 5 6 7 |  7.4
Axes           | 3 4 5 6 |  6.8

Action                     |  1- 3 |  4- 6 |  7- 9 || total
---------------------------+-------+-------+-------++-------
  Melee: War axe           |    93 |    72 |   243 ||   408
         Headbutt          |     7 |    13 |    51 ||    71
    Use: Scroll            |     4 |     4 |     9 ||    17
         Potion            |       |       |     9 ||     9
 Armour: Scale mail        |    51 |    25 |    82 ||   158
         Skin              |       |       |     1 ||     1
  Dodge: Dodged            |    47 |    33 |   125 ||   205
  Block: Buckler           |    18 |    14 |    61 ||    93

Table legend: (Time is in decaauts)
 A = Elapsed time spent in this place.
 B = Non-inter-level travel time spent in this place.
 C = Inter-level travel time spent in this place.
 D = Time resting spent in this place.
 E = Time spent auto-exploring this place.
 F = Levels seen in this place.
 G = Mean time per level.
                   A        B        C        D        E       F      G
               +--------+--------+--------+--------+--------+-----+--------+
         Total |   5322 |   5128 |    194 |    170 |   3891 |   7 |  760.3 |
       Dungeon |   4923 |   4729 |    194 |    170 |   3571 |   6 |  820.5 |
         Sewer |    399 |    399 |      0 |      0 |    319 |   1 |  399.0 |
               +--------+--------+--------+--------+--------+-----+--------+

Top non-repeatable levels by time:
     D:5: 1316 daAuts
     D:3: 1081 daAuts
     D:4: 931 daAuts
     D:1: 805 daAuts
     D:2: 510 daAuts
   Sewer: 399 daAuts
     D:6: 278 daAuts
